 Dungeon Crawl Stone Soup version 0.29.1-2-gbd0b4ee654 (webtiles) character file.

Game seed: 13512370173450274806

12367 pand1024 the Spear-Bearer (level 11, -3/107 HPs)
             Began as a Minotaur Berserker on Oct 23, 2022.
             Was an Elder of Trog.
             Slain by a boulder beetle (16 damage)
             ... on level 11 of the Dungeon on Oct 24, 2022.
             The game lasted 04:12:56 (14382 turns).

pand1024 the Spear-Bearer (Minotaur Berserker)     Turns: 14382, Time: 04:12:56

Health: -3/107     AC: 17    Str: 27    XL:     11   Next: 61%
Magic:  10/10      EV: 10    Int:  4    God:    Trog [****..]
Gold:   340        SH:  0    Dex:  9    Spells: 10/10 levels left

rFire   + . .      SeeInvis .   S - +0 glaive
rCold   . . .      Faith    .   (shield currently unavailable)
rNeg    . . .      Spirit   .   H - +2 chain mail {rC+}
rPois   .          Reflect  .   (helmet restricted)
rElec   .          Harm     .   U - +0 cloak
rCorr   .          Rampage  .   (no gloves)
Will    .....                   f - +0 pair of boots
Stlth   ..........              (no amulet)
HPRegen 0.27/turn               n - +4 ring of protection
MPRegen 0.12/turn               p - ring of fire

@: no status effects
A: horns 2, retaliatory headbutt
a: Renounce Religion, Berserk, Trog's Hand, Brothers in Arms


You were on level 11 of the Dungeon.
You worshipped Trog.
Trog was greatly pleased with you.
You visited 2 branches of the dungeon, and saw 12 of its levels.

You collected 696 gold pieces.
You spent 356 gold pieces at shops.

Inventory:

Hand Weapons
 i - a +0 scythe
 G - a +3 dire flail of draining
 S - a +0 glaive (weapon)
 T - a +4 war axe
Missiles
 k - a javelin
 s - 12 poisoned darts (quivered)
 t - 5 boomerangs of dispersal
 I - 6 boomerangs
 N - a throwing net
Armour
 f - a +0 pair of boots (worn)
 H - a +2 chain mail of cold resistance (worn)
 U - a +0 cloak (worn)
Jewellery
 n - a +4 ring of protection (left hand)
 p - a ring of fire (right hand)
 O - a ring of fire
 Y - a ring of magical power
Wands
 b - a wand of polymorph (11)
 w - a wand of iceblast (20)
 x - a wand of acid (8)
 Z - a wand of flame (10)
Scrolls
 a - 2 scrolls of enchant weapon {unknown}
 g - a scroll of identify
 l - 3 scrolls of teleportation
 m - 2 scrolls of immolation {unknown}
 y - a scroll of blinking {unknown}
 D - 3 scrolls of magic mapping
 E - 2 scrolls of butterflies {unknown}
 J - 2 scrolls of enchant armour
 M - a scroll of silence {unknown}
 P - a scroll of brand weapon {unknown}
 R - 2 scrolls of fear {unknown}
 W - 2 scrolls of vulnerability {unknown}
 X - a scroll of amnesia {unknown}
Potions
 c - 4 potions of cancellation
 d - 6 potions of degeneration
 e - 2 potions of attraction {unknown}
 j - 6 potions of curing
 o - 2 potions of experience {unknown}
 q - a potion of brilliance {unknown}
 r - 4 potions of magic
 v - 2 potions of lignification {unknown}
 C - 2 potions of mutation {unknown}
 F - 2 potions of flight {unknown}
 K - a potion of haste {unknown}
 L - a potion of ambrosia {unknown}
 Q - a potion of might {unknown}


   Skills:
 + Level 13.3 Fighting
 - Level 6.4(11.3) Axes
 + Level 14.5(15.0) Polearms
 - Level 3.0 Throwing
 - Level 4.0 Armour
 + Level 7.5 Dodging


You had 10 spell levels left.
You didn't know any spells.
Your spell library contained the following spells:

 Spells                   Type           Power      Damage    Failure   Level
 Freeze                   Ice            0%         1d3       97%         1
 Scorch                   Fire           0%         2d5       99%         2
 Static Discharge         Conj/Air       0%         3-3/arc   99%         2
 Frozen Ramparts          Ice            0%         1d1       100%        3
 Fulminant Prism          Conj/Hex       0%         3d6       100%        4
 Hailstorm                Conj/Ice       0%         3d3       100%        4
 Iskenderun's Mystic Bla  Conj/Tloc      0%         2d3       100%        4
 Leda's Liquefaction      Hex/Erth       0%         N/A       100%        4
 Lee's Rapid Deconstruct  Erth           0%         3d5*      100%        5
 Lightning Bolt           Conj/Air       0%         1d11      100%        5
 Dispersal                Tloc           0%         N/A       100%        6
 Statue Form              Tmut/Erth      0%         N/A       100%        6
 Disjunction              Tloc           0%         N/A       100%        8
 Maxwell's Capacitive Co  Air            0%         ∞         100%        8


Dungeon Overview and Level Annotations

Branches:
Dungeon (11/15)            Temple (1/1) D:7            Lair (0/5) D:9
    Orc (0/2) D:9

Altars:
Ashenzari
Cheibriados
Dithmenos
Elyvilon
Fedhas
Gozag
Hepliaklqana
Kikubaaqudgha
Makhleb
Nemelex Xobeh
Okawaru
Qazlal
Ru
Sif Muna
Trog
Uskayaw
Vehumet
Wu Jian
Xom
Yredelemnul
Zin
The Shining One

Shops:
D:2 :   D:4 [   D:7 (   D:10 *

Annotations:
D:3 1 runed translucent door, exclusion: oklob plant, Crazy Yiuf
D:6 1 exclusion


Innate Abilities, Weirdness & Mutations

You have a pair of horns on your head.
You reflexively headbutt those who attack you in melee.


Message History

You slash the cyclops! You headbutt the cyclops!
The cyclops is moderately wounded.
The cyclops hits you but does no damage.
You hit the cyclops.
The cyclops is moderately wounded.
The boulder beetle curls into a ball and begins rolling!
The cyclops hits you!!
You hit the cyclops but do no damage.
The cyclops is moderately wounded.
You slash the cyclops!
The cyclops is heavily wounded.
The cyclops hits you! The boulder beetle hits you!
The boulder beetle stops rolling and uncurls.
The boulder beetle bites you but does no damage.
You barely miss the cyclops. You headbutt the cyclops!
The cyclops is severely wounded.
The boulder beetle closely misses you.
The boulder beetle bites you but does no damage.
The cyclops hits you.
You slice the cyclops!!
You kill the cyclops!
Trog accepts your kill. The boulder beetle bites you!
The boulder beetle closely misses you.
You hit the boulder beetle.
The boulder beetle is lightly wounded.
The boulder beetle misses you. The boulder beetle bites you!
* * * LOW HITPOINT WARNING * * *
You feel much better. The boulder beetle bites you. x2
You slash the boulder beetle!
The boulder beetle is lightly wounded.
The boulder beetle bites you. The boulder beetle bites you!!
* * * LOW HITPOINT WARNING * * *
You feel much better. The boulder beetle bites you!
* * * LOW HITPOINT WARNING * * *
The boulder beetle bites you!
* * * LOW HITPOINT WARNING * * *
You slash the boulder beetle!
The boulder beetle is moderately wounded.
The boulder beetle bites you!
You die...

...... ...
......# #..#
...(... ...###
.......#.....
............
..........#
......B...##.#
......B@.....#
........(...##
............#
............#
...........##
............
.............
.............#


You could see 2 boulder beetles.

Vanquished Creatures
  Erica (D:7)
  The ghost of H0rd4k the Martial Artist, a journeyman OpTm of Gozag (D:10)
  Pikel (D:6)
  A spectral wolf spider (D:10)
  A cyclops (D:11)
  A spectral centaur (D:10)
  A centaur zombie (D:10)
  A komodo dragon (D:10)
  A troll (D:9)
  2 dream sheep (D:9)
  A wraith (D:9)
  Sigmund (D:2)
  2 centaur simulacra (D:10)
  9 yaks
  2 wyverns (D:9)
  5 humans
  A basilisk (D:9)
  Edmund (D:5)
  7 water moccasins
  Duvessa (D:5)
  5 orc warriors
  4 ice beasts
  4 black bears
  A sky beast (D:6)
  2 wolves (D:9)
  An ogre (D:6)
  4 lemures (D:6)
  A kobold brigand (D:9)
  6 bullfrogs
  2 necrophages
  A gnoll sergeant (D:9)
  A scorpion (D:4)
  3 wights (D:7)
  Dowan (D:5)
  10 killer bees
  3 vampire bats (D:8)
  11 howler monkeys
  2 jellies
  7 orc priests
  A gnoll bouda (D:9)
  5 hounds
  5 iguanas
  11 orc wizards
  7 adders
  3 gnolls (D:9)
  2 shadow imps
  2 white imps
  An ufetubus (D:7)
  2 worms
  4 dart slugs
  26 orcs
  3 bat skeletons (D:8)
  2 bat zombies (D:8)
  3 endoplasms
  2 giant cockroaches
  6 goblins
  9 hobgoblins
  8 quokkas
  11 ball pythons
  2 bats
  3 frilled lizards
  7 kobolds
  4 rats (D:1)
239 creatures vanquished.

Vanquished Creatures (others)
  6 fungi
  42 plants
  12 toadstools (D:3)
60 creatures vanquished.

Grand Total: 299 creatures vanquished

Notes
Turn   | Place    | Note
-------+----------+-------------------------------------------
     0 | D:1      | pand1024 the Minotaur Berserker began the quest for the
                  | Orb.
     0 | D:1      | Reached XP level 1. HP: 19/19 MP: 0/0
   332 | D:2      | Found Xiam Xoack's Book Emporium.
   697 | D:1      | Reached XP level 2. HP: 27/27 MP: 1/1
   850 | D:1      | Found a faded altar of an unknown god.
   991 | D:1      | You fall into a shaft and drop 1 floor!
  1617 | D:3      | Noticed Sigmund
  1622 | D:2      | Killed Sigmund
  1623 | D:2      | Reached skill level 5 in Fighting
  1623 | D:2      | Reached skill level 5 in Axes
  1623 | D:2      | Reached XP level 3. HP: 37/37 MP: 2/2
  1623 | D:2      | Reached XP level 4. HP: 44/44 MP: 3/3
  1623 | D:2      | Reached XP level 5. HP: 50/50 MP: 4/4
  2471 | D:3      | Found a runed translucent door.
  2472 | D:3      | Noticed Crazy Yiuf
  2643 | D:3      | Found a blossoming altar of Fedhas.
  2655 | D:3      | Noticed an oklob plant
  3362 | D:3      | Reached skill level 1 in Polearms
  3362 | D:3      | Reached XP level 6. HP: 57/57 MP: 5/5
  3640 | D:3      | Found a shimmering altar of Xom.
  3969 | D:4      | Reached ** piety under Trog
  4040 | D:4      | Got the Monograph on Flames and Excavation
  4112 | D:4      | Noticed an ice beast
  4158 | D:4      | Found Zesobaug's Antique Armour Shoppe.
  4184 | D:4      | Killed an ice beast
  4185 | D:4      | Reached skill level 2 in Polearms
  4401 | D:4      | Reached skill level 3 in Polearms
  4657 | D:4      | Reached XP level 7. HP: 58/66 MP: 6/6
  4881 | D:5      | Entered Level 5 of the Dungeon
  4942 | D:4      | Bought a warped chain mail for 266 gold pieces
  4942 | D:4      | Identified the +1 chain mail of Okawaru's Supremacy {Str-5
                  | Dex+6} (You bought it in a shop on level 4 of the Dungeon)
  5102 | D:5      | Reached skill level 4 in Polearms
  5569 | D:5      | Noticed Duvessa
  5569 | D:5      | Noticed Dowan
  5579 | D:5      | Killed Duvessa
  5580 | D:5      | Reached skill level 5 in Polearms
  5581 | D:5      | Killed Dowan
  5693 | D:5      | Noticed Edmund
  5704 | D:5      | Killed Edmund
  5705 | D:5      | Reached skill level 6 in Polearms
  5859 | D:5      | Reached XP level 8. HP: 74/74 MP: 7/7
  5876 | D:5      | Reached skill level 1 in Throwing
  6012 | D:5      | Reached skill level 7 in Polearms
  6717 | D:6      | Reached skill level 8 in Polearms
  7015 | D:6      | Found a broken altar of Ashenzari.
  7072 | D:6      | Noticed Pikel
  7235 | D:7      | Reached skill level 9 in Polearms
  7373 | D:7      | Reached XP level 9. HP: 74/83 MP: 8/8
  7641 | D:6      | Killed Pikel
  7642 | D:6      | Reached skill level 10 in Polearms
  7726 | D:6      | Reached skill level 10 in Fighting
  7952 | D:6      | Found a white marble altar of Elyvilon.
  7981 | D:6      | Found a hide-covered altar of Uskayaw.
  8332 | D:7      | Reached skill level 11 in Polearms
  8362 | D:7      | Found a hazy altar of Hepliaklqana.
  8568 | D:7      | Found a staircase to the Ecumenical Temple.
  8604 | Temple   | Entered the Ecumenical Temple
  8944 | D:7      | Found a bloodstained altar of Trog.
  8946 | D:7      | Found a burning altar of Makhleb.
  9068 | D:7      | Found Qeocaown's Weapon Shoppe.
  9128 | D:8      | Noticed Erica
  9136 | D:7      | Killed Erica
  9137 | D:7      | Reached skill level 12 in Polearms
  9518 | D:7      | Reached XP level 10. HP: 84/94 MP: 9/9
 10073 | D:8      | Reached *** piety under Trog
 10849 | D:8      | Found a sacrificial altar of Ru.
 11137 | D:8      | Found an ancient bone altar of Kikubaaqudgha.
 11140 | D:8      | Reached skill level 13 in Polearms
 11605 | D:9      | Found a staircase to the Orcish Mines.
 11703 | D:9      | Reached **** piety under Trog
 11708 | D:9      | Found a staircase to the Lair.
 11773 | D:9      | Reached skill level 5 in Dodging
 12268 | D:9      | Reached XP level 11. HP: 105/105 MP: 10/10
 12538 | D:10     | Entered Level 10 of the Dungeon
 12932 | D:9      | Reached ***** piety under Trog
 13125 | D:10     | Found Iguihat's General Store.
 13133 | D:10     | Bought a scroll of enchant armour for 90 gold pieces
 13140 | D:10     | Found a runed translucent gate.
 13141 | D:10     | Found a runed translucent gate.
 13537 | D:10     | Noticed H0rd4k's ghost (journeyman OpTm)
 13540 | D:10     | Found a runed translucent gate.
 13552 | D:10     | Identified the +3 falchion of the Land of Plenty {freeze,
                  | rF+ MP+9 Int+2}
 13554 | D:10     | Reached skill level 14 in Polearms
 14045 | D:10     | Killed H0rd4k's ghost
 14371 | D:11     | Noticed a boulder beetle
 14371 | D:11     | Noticed a boulder beetle
 14382 | D:11     | Slain by a boulder beetle

Illustrated notes

Levels and vault maps discovered:
D:1:      spicycebolla_arrival_clurvy, layout_basic, basic_ecumenical_altar
D:2:      layout_basic, serial_shops, nicolae_square_shop, dk_vineyard_2
D:3:      layout_loops_ring, tgw_fedhas, lemuel_crystal_altar, uniq_sigmund,
          uniq_crazy_yiuf_cottage
D:4:      layout_basic, serial_shops, shop, minmay_misc_feat_four_crosses
D:5:      layout_basic, grunt_decor_arrowhead, amcnicky_mini_corridor_feature,
          palyth_stone_intersect, dreamdust_princess_corridor,
          minmay_crystal_water, kennysheep_dice, uniq_duvessa, uniq_edmund
D:6:      layout_basic, evilmike_ruin_ashenzari, mainiacjoe_overflow_two_lobes,
          kennysheep_decorative_pillar, dreamdust_princess_bridge, uniq_pikel
D:7:      layout_basic, nicolae_hepliaklqana_hippocampus,
          nicolae_overflow_hidden_temple, minmay_temple_entry_nine_rooms,
          serial_shops, shop
D:8:      layout_loops_ring, kennysheep_vampire_church,
          mainiacjoe_overflow_surrounded_room, minmay_ruffians, uniq_erica
D:9:      layout_basic, minmay_lair_entry_grove, orc_0_dummy,
          dreamdust_gnoll_shepherd
D:10:     layout_irregular_city, gammafunk_ghost_necromancy, serial_shops,
          nicolae_diamond_shop
D:11:     layout_cave_pools, grunt_livestock, uniq_psyche
Temple:   nicolae_temple_x_marks_the_god

Skill      XL: |  1  2  3  4  5  6  7  8  9 10 11 |
---------------+----------------------------------+-----
Axes           | 4 5 6 |  6.4
Fighting       | 4 5 6 7 8 9 10 12 13 | 13.3
Polearms       | 1 3 6 9 12 13 14 | 14.5
Throwing       | 1 2 3 |  3.0
Armour         | 4 |  4.0
Dodging        | 5 7 |  7.5

Action                   |  1- 3 |  4- 6 |  7- 9 | 10-12 || total
-------------------------+-------+-------+-------+-------++-------
Melee: Hand axe          |    68 |    21 |       |       ||    89
       Headbutt          |    15 |    45 |    40 |    49 ||   149
       Halberd           |       |   168 |   264 |   329 ||   761
       Glaive            |       |       |       |    28 ||    28
Throw: Stone             |       |    17 |    27 |    19 ||    63
       Dart              |       |       |     5 |     6 ||    11
       Boomerang         |       |       |     1 |       ||     1
       Javelin           |       |       |    13 |    19 ||    32
Invok: Berserk           |     2 |     1 |     3 |     1 ||     7
  Use: Scroll            |     2 |     4 |     2 |     2 ||    10
       Potion            |       |       |       |     4 ||     4
Armor: Leather armour    |     2 |    13 |       |       ||    15
       Animal skin       |     2 |       |       |       ||     2
       Chain mail        |       |    47 |   101 |   193 ||   341
Dodge: Dodged            |    25 |    31 |    72 |   121 ||   249
